Map: Alcyone LE

Players

Chirartem - Winner!

  • Race: Protoss Protoss
  • League: Grandmaster
  • Spawn Location: 7:00

Читер 1 (кошмар)

  • Race: Zerg Zerg
  • Spawn Location: 1:00

VOD

Have the link to the VOD?

Description

In PvT you research charge for zealots, in PvP you send probe after building first gas.

Time

  • Played on: Sept. 4, 2024, 4:32 a.m.
  • Length: 9:22
Show
View Real Time Build Order
Export as new Build Order

Chirartem Protoss - Winner!

Build Orders: Archon Immortal, Archon Drop, Dark Templar Rush 

Get SALT Encoding   

  12  0:00  Probe  
  13  0:12  Probe  
  14  0:17  Pylon  
  14  0:24  Probe (Chrono Boost)  
  16  0:37  Gateway, Probe (Chrono Boost)  
  16  0:41  Probe (Chrono Boost)  
  16  0:46  Assimilator  
  17  0:52  Probe (Chrono Boost)  
  17  0:54  Assimilator  
  19  1:04  Probe (Chrono Boost)  
  19  1:13  Probe (Chrono Boost)  
  20  1:18  Probe  
  20  1:24  Cybernetics Core  
  21  1:30  Probe  
  22  1:37  Pylon  
  22  1:42  Probe  
  23  1:55  Probe  
  23  2:00  Twilight Council  
  24  2:02  Warp Gate  
  24  2:03  Stalker  
  26  2:12  Robotics Facility  
  25  2:36  Dark Shrine  
  25  2:44  Gateway  
  25  2:45  Gateway  
  25  2:56  Warp Prism (Chrono Boost)  
  27  3:07  Gateway  
  27  3:14  Pylon  
  27  3:20  Pylon  
  27  3:49  Dark Templar x2  
  27  3:50  Dark Templar  
  33  4:10  Dark Templar  
  35  4:28  Immortal (Chrono Boost)  
  39  4:54  Pylon  
  39  4:55  Pylon  
  39  4:56  Pylon  
  39  4:57  Immortal (Chrono Boost)  
  39  4:59  Archon  
  43  5:01  Archon  
  43  5:26  Immortal (Chrono Boost)  
  47  5:55  Zealot x2, Stalker x2  
  55  5:58  Immortal (Chrono Boost)  
  59  6:16  Stalker x2  
  59  6:18  Zealot  
  65  6:21  Zealot  
  63  6:42  Zealot x3  
  67  6:48  Stalker  
  69  6:56  Pylon  
  69  7:04  Sentry  
  69  7:07  Dark Templar  
  69  7:25  Zealot, Dark Templar  
  69  7:27  Zealot  
  73  7:30  Archon  
  69  7:47  Dark Templar x2  
  69  7:49  Zealot  
  75  7:51  Archon  
  75  7:58  Zealot x2  
  77  8:01  Pylon  
  75  8:22  Stalker x3  
  81  8:32  Stalker  
  83  8:54  Pylon  
  87  9:07  Pylon  
  87  9:15  Stalker  
Show
View Real Time Build Order
Export as new Build Order

Читер 1 (кошмар) Zerg 

Build Orders: Pool First 

Get SALT Encoding   

  12  0:00  Drone  
  13  0:11  Overlord  
  13  0:16  Drone  
  14  0:29  Drone x2  
  16  0:37  Spawning Pool  
  16  0:39  Drone  
  16  0:44  Drone  
  17  1:06  Hatchery, Drone  
  17  1:08  Drone, Extractor  
  17  1:16  Drone  
  18  1:26  Drone  
  18  1:30  Queen  
  21  1:37  Overlord  
  21  1:48  Drone  
  22  1:59  Zergling x2  
  22  2:00  Roach Warren  
  22  2:01  Extractor  
  21  2:05  Queen  
  23  2:09  Drone  
  24  2:17  Drone  
  24  2:20  Drone  
  26  2:28  Drone  
  27  2:30  Overlord  
  27  2:39  Drone  
  27  2:41  Drone x3  
  27  2:43  Drone  
  32  2:50  Zergling x2  
  33  2:52  Lair  
  33  2:53  Spore Crawler  
  33  2:54  Zergling x2  
  33  2:55  Spore Crawler  
  32  3:00  Drone  
  32  3:04  Drone  
  34  3:10  Roach x3  
  34  3:11  Overlord  
  40  3:15  Metabolic Boost  
  40  3:16  Drone  
  41  3:22  Roach  
  41  3:25  Drone  
  44  3:29  Drone x3  
  44  3:33  Drone  
  48  3:37  Drone  
  48  3:40  Drone x3, Evolution Chamber  
  51  3:43  Evolution Chamber  
  51  3:44  Drone  
  51  3:49  Overlord  
  51  3:53  Infestation Pit  
  51  3:54  Drone x2  
  52  4:07  Drone x4  
  52  4:08  Zerg Ground Armor Level 1  
  56  4:10  Drone  
  56  4:11  Overlord  
  56  4:12  Spore Crawler, Drone  
  56  4:13  Drone  
  58  4:17  Spore Crawler  
  58  4:18  Zergling x2  
  58  4:22  Overlord, Drone  
  58  4:23  Drone  
  59  4:26  Roach  
  59  4:30  Zergling x2  
  60  4:33  Zergling x2  
  61  4:40  Roach Warren, Drone  
  61  4:41  Overseer  
  61  4:43  Overlord  
  61  4:49  Evolution Chamber  
  61  4:51  Overlord, Drone, Zergling x2  
  61  4:52  Overlord  
  62  4:57  Infestor  
  64  5:01  Infestor  
  64  5:04  Drone, Extractor  
  64  5:05  Drone  
  67  5:07  Extractor  
  67  5:08  Drone  
  67  5:10  Hydralisk Den  
  67  5:14  Drone, Zerg Missile Weapons Level 1  
  67  5:19  Drone  
  67  5:20  Roach x2, Drone  
  73  5:25  Drone  
  73  5:27  Hatchery  
  71  5:28  Roach  
  71  5:29  Roach, Drone  
  71  5:30  Drone, Hydralisk Den  
  73  5:36  Drone  
  73  5:41  Drone  
  75  5:47  Drone  
  75  5:50  Ravager  
  75  5:51  Roach, Drone, Zergling x2  
  75  5:52  Overlord  
  75  5:55  Ravager  
  81  5:58  Roach, Spine Crawler  
  81  6:02  Zerg Melee Weapons Level 1  
  81  6:03  Zergling x2  
  83  6:09  Drone  
  84  6:13  Drone  
  84  6:18  Spine Crawler  
  84  6:20  Drone  
  84  6:22  Overlord, Zergling x2  
  84  6:23  Drone  
  84  6:24  Roach  
  89  6:31  Hydralisk  
  89  6:32  Queen  
  82  6:35  Zergling x2  
  82  6:36  Evolution Chamber  
  82  6:39  Queen, Drone  
  78  6:42  Roach  
  78  6:45  Ravager  
  78  6:46  Roach  
  68  6:50  Roach  
  68  6:51  Extractor, Overseer  
  68  6:53  Roach, Extractor  
  70  6:54  Hydralisk, Zergling x2  
  70  6:55  Drone  
  70  6:56  Hydralisk  
  70  6:57  Hatchery  
  70  7:00  Roach, Infestation Pit  
  74  7:04  Drone  
  74  7:06  Ravager  
  74  7:07  Zergling x2  
  72  7:11  Roach  
  57  7:18  Roach  
  57  7:22  Roach  
  51  7:24  Spine Crawler  
  51  7:28  Roach  
  48  7:32  Queen, Roach  
  48  7:33  Overseer  
  39  7:38  Hydralisk  
  39  7:43  Zergling x2  
  37  7:49  Queen  
  37  7:50  Zergling x2  
  38  7:54  Roach  
  35  8:01  Roach  
  35  8:02  Overseer  
  35  8:04  Drone  
  38  8:09  Hatchery, Roach  
  31  8:15  Drone  
  31  8:19  Roach  
  34  8:26  Roach, Drone  
  25  8:34  Extractor  
  25  8:37  Drone  
  25  8:41  Drone  
  18  8:46  Extractor  
  18  8:47  Overlord, Drone  
  16  8:56  Drone x2, Spawning Pool  
  16  8:59  Drone  
Tags
 
Add a new tag
Caveats
  • Supply blocks, unpowered buildings, or Contaminate may cause inaccurate times.
  • Supply counts are checked every 10 seconds.